 Dungeon Sprint DCSS version 0.24.1-14-gf8d2b509d9 (webtiles) character file.

Game seed: 12444643591860733185, levelgen mode: deterministic

28 sahdkjhfkaj the Magician (level 3, 27/27 HPs)
             Began as a Gnoll Wizard on Sept 30, 2020.
             Got out of the dungeon alive.
             The game lasted 00:00:15 (292 turns).

sahdkjhfkaj the Magician (Gnoll Wizard)              Turns: 292, Time: 00:00:15

Health: 27/27      AC:  2    Str:  9    XL:     3   Next: 14%
Magic:  11/11      EV: 14    Int: 21    God:
Gold:   0          SH:  0    Dex: 13    Spells: 12/16 levels left

rFire    . . .     SeeInvis .     - Unarmed
rCold    . . .     Gourm    .   (no shield)
rNeg     . . .     Faith    .   a - +0 robe
rPois    .         Spirit   .   b - +0 hat
rElec    .         Reflect  .   (no cloak)
rCorr    .         Harm     .   (no gloves)
MR       .....     NoTele   +   (no boots)
Stlth    +++.......             (no amulet)
HPRegen  0.09/turn              (no ring)
MPRegen  0.12/turn              (no ring)

@: no status effects
A: distributed training, fangs 1, strong nose
a: no special abilities


You escaped.
You were not hungry.

You visited 1 branch

Inventory:

Armour
 a - a +0 robe (worn)
 b - a +0 hat (worn)
Scrolls
 j - a scroll of blinking
Potions
 e - a potion of curing
 f - a potion of heal wounds
 g - a potion of haste
 h - 2 potions of magic
Comestibles
 d - a ration


   Skills:
 + Level 1.8 Fighting
 + Level 1.8 Short Blades
 + Level 1.8 Long Blades
 + Level 1.8 Axes
 + Level 1.8 Maces & Flails
 + Level 1.8 Polearms
 + Level 1.8 Staves
 + Level 1.8 Slings
 + Level 1.8 Bows
 + Level 1.8 Crossbows
 + Level 1.8 Throwing
 + Level 1.8 Armour
 + Level 4.9 Dodging
 + Level 4.5 Stealth
 + Level 1.8 Shields
 + Level 1.8 Unarmed Combat
 + Level 7.3 Spellcasting
 + Level 2.5 Conjurations
 + Level 1.4 Hexes
 + Level 1.4 Charms
 + Level 2.5 Summonings
 + Level 1.4 Necromancy
 + Level 2.5 Translocations
 + Level 1.4 Transmutations
 + Level 1.4 Fire Magic
 + Level 1.4 Ice Magic
 + Level 1.4 Air Magic
 + Level 1.4 Earth Magic
 + Level 1.4 Poison Magic
 + Level 2.0 Invocations
 + Level 1.8 Evocations


You had 12 spell levels left.
You knew the following spells:

 Your Spells              Type           Power        Failure   Level  Hunger
a - Magic Dart            Conj           ###.         3%          1    None
b - Conjure Flame         Conj/Fire      ###.....     11%         3    None

Your spell library contained the following spells:

 Spells                   Type           Power        Failure   Level  Hunger
 Blink                    Tloc           N/A          4%          2    None
 Call Imp                 Summ           ###.....     4%          2    None
 Slow                     Hex            ##......     7%          2    None
 Mephitic Cloud           Conj/Pois/Air  ###.....     12%         3    None


Dungeon Overview and Level Annotations

Branches:
Dungeon (1/1)

Altars:


Innate Abilities, Weirdness & Mutations

Your experience applies equally to all skills.
You have very sharp teeth.
Your uncanny sense of smell can sniff out nearby items.


Message History

Done waiting.
Memorise Conjure Flame, consuming 3 spell levels and leaving 12?
You start memorising the spell.
You continue memorising. x3
You finish memorising.
Spell assigned to 'b'.
Cast which spell? (? or * to list)
Aiming: Conjure Flame (safe; 11% risk of failure)
Press: ? - help, Dir - move target cursor The fire ignites!
You start resting.
Magic restored.
You start waiting.
Done waiting.
There is a staircase leading out of the dungeon here.
Are you sure you want to leave the Dungeon?
This will make you lose the game!
Alright, then stay!
Are you sure you want to leave the Dungeon?
This will make you lose the game!
Alright, then stay!
Unknown command.
Are you sure you want to leave the Dungeon?
This will make you lose the game!
You have escaped!

#######
#@.#..+
#..').#
#..####
#..# ∆∆
∆ #..#
∆ #..#
#⌠⌠#
#### ∆∆


There were no monsters in sight!

Vanquished Creatures
  Ijyb (D)
1 creature vanquished.

Notes
Turn   | Place    | Note
-------+----------+-------------------------------------------
     0 | D        | sahdkjhfkaj the Gnoll Wizard began the quest for the Orb.
     0 | D        | Reached XP level 1. HP: 13/13 MP: 8/8
     1 | D        | Noticed Ijyb
     9 | D        | Killed Ijyb
     9 | D        | Reached skill level 1 in Fighting
     9 | D        | Reached skill level 1 in Short Blades
     9 | D        | Reached skill level 1 in Long Blades
     9 | D        | Reached skill level 1 in Axes
     9 | D        | Reached skill level 1 in Maces & Flails
     9 | D        | Reached skill level 1 in Polearms
     9 | D        | Reached skill level 1 in Staves
     9 | D        | Reached skill level 1 in Slings
     9 | D        | Reached skill level 1 in Bows
     9 | D        | Reached skill level 1 in Crossbows
     9 | D        | Reached skill level 1 in Throwing
     9 | D        | Reached skill level 1 in Armour
     9 | D        | Reached skill level 1 in Shields
     9 | D        | Reached skill level 1 in Unarmed Combat
     9 | D        | Reached skill level 1 in Hexes
     9 | D        | Reached skill level 1 in Charms
     9 | D        | Reached skill level 1 in Necromancy
     9 | D        | Reached skill level 1 in Transmutations
     9 | D        | Reached skill level 1 in Fire Magic
     9 | D        | Reached skill level 1 in Ice Magic
     9 | D        | Reached skill level 1 in Air Magic
     9 | D        | Reached skill level 1 in Earth Magic
     9 | D        | Reached skill level 1 in Poison Magic
     9 | D        | Reached skill level 1 in Evocations
     9 | D        | Reached XP level 2. HP: 22/22 MP: 10/10
     9 | D        | Reached XP level 3. HP: 27/27 MP: 11/11
   164 | D        | Learned a level 3 spell: Conjure Flame
   292 | D        | Got out of the dungeon alive.

Levels and vault maps discovered:
D:        dungeon_sprint_1 [red_sonja_temple_1, red_sonja_temple_small_1]

Skill      XL: |  1 |
---------------+----+-----
Fighting       | 1 |  1.8
Short Blades   | 1 |  1.8
Long Blades    | 1 |  1.8
Axes           | 1 |  1.8
Maces & Flails | 1 |  1.8
Polearms       | 1 |  1.8
Staves         | 1 |  1.8
Slings         | 1 |  1.8
Bows           | 1 |  1.8
Crossbows      | 1 |  1.8
Throwing       | 1 |  1.8
Armour         | 1 |  1.8
Shields        | 1 |  1.8
Unarmed Combat | 1 |  1.8
Conjurations   | 2 |  2.5
Hexes          | 1 |  1.4
Charms         | 1 |  1.4
Summonings     | 2 |  2.5
Necromancy     | 1 |  1.4
Translocations | 2 |  2.5
Transmutations | 1 |  1.4
Fire Magic     | 1 |  1.4
Ice Magic      | 1 |  1.4
Air Magic      | 1 |  1.4
Earth Magic    | 1 |  1.4
Poison Magic   | 1 |  1.4
Invocations    | 2 |  2.0
Evocations     | 1 |  1.8
Dodging        | |  4.9
Stealth        | |  4.5
Spellcasting   | |  7.3

Action                   || total
-------------------------++-------
Melee: Unarmed           ||     6
       Bite              ||     1
 Cast: Conjure Flame     ||     1
  Use: Potion            ||     1
Dodge: Dodged            ||     3
